cohdb
Replays
Latest Replays
All Replays
Popular Replays
Top Player Replays
Match Explorer
How It Works
Community
CoH3 Stats
Reddit
Sign in to upload your games and track your stats! →
Sign in with Steam
Match 47241601
Unlisted
Match 47241601
Overview
Messages
Build Orders
End
Kradschützen Motorcycle Team
Panzerpioneer Squad
Panzerpioneer Squad
Panzerpioneer Squad
Construct Light Support Kompanie
Fire Support Elements
2.5-tonne Medical Truck
Veteran Squad Leaders
Selects Italian Combined Arms Battlegroup
Selects Bersaglieri Squad
le.IG 18 Mechanized Group
Selects Semovente da 75/18 Assault Gun
Semovente da 75/18 Assault Gun
Panzerpioneer Squad
Semovente da 75/18 Assault Gun
Selects Vehicle Support - Secure Location
Vehicle Survival Package
MG34 Team
Selects Strafing Run
Semovente da 75/18 Assault Gun
Pak 38 Mechanized Group
Tungsten Core Ammunition
Gear-IV-D
jugo
frostie
한우물인생
Antoine Trinh
Cuttysark
0
0
Comments
sign in to comment!
No comments posted yet!